 Dungeon Sprint DCSS version 0.28-a0-97-g102d6777a4 (webtiles) character file.

Game seed: 13309611296697554090

6337 MikeHunt the Brawler (level 10, -4/96 HPs)
             Began as a Purple Draconian Artificer on Aug 9, 2021.
             Was an Initiate of Gozag.
             Slain by Agnes (21 damage)
             ... in the Dungeon (Sprint IV: "Fedhas' Mad Dash").
             The game lasted 00:19:23 (4757 turns).

MikeHunt the Brawler (Purple Draconian Artificer)   Turns: 4757, Time: 00:19:24

Health: -4/96      AC: 11    Str: 16    XL:     10   Next: 64%
Magic:  10/10      EV: 21    Int: 11    God:    Gozag
Gold:   372        SH:  0    Dex: 18    Spells: 6/9 levels left

rFire   . . .      SeeInvis +     - Unarmed
rCold   . . .      Faith    .   (no shield)
rNeg    . . .      Spirit   .   (armour unavailable)
rPois   +          Reflect  .   (helmet restricted)
rElec   .          Harm     .   q - +2 cloak "Moosieg" {rPois Dex+4}
rCorr   .          Rampage  .   (no gloves)
Will    +....      NoTele   +   o - +0 pair of boots
Stlth   +++.......              a - amulet of invisibility {+Inv}
HPRegen 0.26/turn               e - ring of see invisible
MPRegen 0.12/turn               l - +4 ring of evasion

@: short of breath, attractive, hasted, very quick
A: breathe power, AC +7, unfitting armour, cold-blooded
a: Breathe Dispelling Energy, Renounce Religion, Evoke Invisibility, Potion
Petition, Call Merchant, Bribe Branch


You were in the Dungeon.
You worshipped Gozag.
Gozag was aware of your devotion.
You visited 1 branch You collected 2400 gold pieces.
You spent 2028 gold pieces at shops.

Inventory:

Armour
 k - a +0 buckler
 o - a +0 pair of boots (worn)
 q - the +2 cloak "Moosieg" (worn) {rPois Dex+4}
   (You bought it in a shop in the Dungeon)

   Dex:       It affects your dexterity (+4).
   rPois:     It protects you from poison.
Magical Staves
 n - a staff of air
Jewellery
 a - the amulet of invisibility (around neck) {+Inv}
   (You found it in the Dungeon)

   [amulet of nothing]

   +Inv:      It lets you turn invisible.
 b - a ring of resist corrosion
 e - a ring of see invisible (left hand)
 l - a +4 ring of evasion (right hand)
 m - a +4 ring of evasion
Wands
 c - a wand of charming (11)
Scrolls
 i - 2 scrolls of amnesia
 r - a scroll of fog {unknown}
 s - 2 scrolls of identify {unknown}
 t - a scroll of fear {unknown}
Potions
 h - 2 potions of magic
Miscellaneous
 d - a piece from Xom's chessboard (14/15)
 p - a condenser vane (inert) (quivered)


   Skills:
 - Level 11.4 Fighting
 - Level 8.7 Dodging
 - Level 5.2 Stealth
 - Level 15.0 Unarmed Combat
 + Level 6.3 Necromancy
 - Level 14.0 Evocations


You had 6 spell levels left.
You knew the following spells:

 Your Spells              Type           Power      Damage    Failure   Level
d - Vampiric Draining     Necr           7%         2d7       8%          3

Your spell library contained the following spells:

 Spells                   Type           Power      Damage    Failure   Level
 Animate Skeleton         Necr           28%        N/A       2%          1
 Pain                     Necr           56%        1d6       2%          1


Dungeon Overview and Level Annotations

Branches:
Dungeon (1/1)

Altars:
Cheibriados
Dithmenos
Elyvilon
Gozag
Hepliaklqana
Kikubaaqudgha
Makhleb
Nemelex Xobeh
Okawaru
Qazlal
Ru
Sif Muna
Trog
Uskayaw
Vehumet
Wu Jian
Xom
Yredelemnul
Zin
The Shining One
Beogh
Jiyva
Lugonu

Shops:
D =?*[*=

Annotations:
D Agnes


Innate Abilities, Weirdness & Mutations

You can breathe bolts of dispelling energy.
Your rich purple scales are hard. (AC +7)
You cannot fit into any form of body armour.
You are cold-blooded and may be slowed by cold attacks.


Message History

Press: ? - help, Q - select action, (/) - cycle Dir - look around, f - activate Look: Agnes, wielding a +4 vampiric lajatang and wearing a +0 robe (misshapen and mutated, 36% to hit)
Clouds of poison gas condense around you!
The condenser dries out!
Agnes is engulfed in poison gas.
Agnes is poisoned.
Agnes is engulfed in poison gas.
Agnes looks even sicker.
Okay, then.
Unknown command.
You feel yourself speed up. Agnes hits you but does no damage.
Agnes barely misses you.
You closely miss Agnes.
Agnes is lightly wounded.
Agnes says, "You will find the Path of Peace easy to follow, in death."
Agnes hits you with a +4 vampiric lajatang!!
You punch Agnes!
Your tail-slap misses Agnes.
Agnes is lightly wounded.
Agnes hits you with a +4 vampiric lajatang.
Agnes draws strength from your wounds!
You completely miss Agnes.
Agnes is lightly wounded.
Agnes hits you with a +4 vampiric lajatang!!
There is an open door here.
Agnes hits you with a +4 vampiric lajatang!!
Agnes draws strength from your wounds!
Okay, then.
Unknown command.
Okay, then.
It was a potion of attraction.
You feel attractive to monsters.
Agnes hits you with a +4 vampiric lajatang!!
* * * LOW HITPOINT WARNING * * *
Agnes draws strength from your wounds!
Okay, then.
Unknown command.
Okay, then.
Unknown command.
You feel better.
Agnes hits you with a +4 vampiric lajatang!!
You die...
Your body crumbles into a pile of gold.

##############################
._._._._.⌠.#."')..#....##∩##}#
_._._._._..'..#)..#....'..##'#
._._._._...#..###'##.()##∩#..####
_._._._._..#..##∩∩.'...#####....#
._._._._.⌠.#################...∩#
################.....)###.....♣.#
♣♣♣..♣.###.+..'i@...[)')')..♣..∩#
...♣..♣##..#..#.......###########
♣♣♣.♣..###.##'##.P....#
.[♣...♣'...#♣.♣########
############...,,**** ,,,*
***,,♣..*,,,,***
,,,*****,,,*....,,*,,,****
,,,,,,,,,,,,♣...,,∩,∩,,,,*
,,,,,*******#####*********


You could see Agnes (poisoned, misshapen).

Vanquished Creatures
  A ghost moth (D)
  A spriggan druid (D)
  6 oklob plants (D)
  A moth of wrath (D)
  A demonic crawler (D)
  3 burning bushes (D)
  A hornet (D)
  A killer bee (D)
  2 scorpions (D)
  3 wandering mushrooms (D)
  4 oklob saplings (D)
  4 spriggans (D)
  A river rat (D)
  A rat (D)
  A ballistomycete spore (D)
31 creatures vanquished.

Vanquished Creatures (collateral kills)
  A scorpion (D)
  3 killer bees (D)
  An oklob sapling (D)
5 creatures vanquished.

Vanquished Creatures (others)
  A queen bee (D)
  A spriggan (D)
  A fungus (D)
3 creatures vanquished.

Grand Total: 39 creatures vanquished

Notes
Turn   | Place    | Note
-------+----------+-------------------------------------------
     0 | D        | MikeHunt the Draconian Artificer began the quest for the
                  | Orb.
     0 | D        | Reached XP level 1. HP: 16/16 MP: 1/1
     8 | D        | Reached skill level 2 in Unarmed Combat
     8 | D        | Reached XP level 2. HP: 23/23 MP: 2/2
    16 | D        | Noticed an oklob sapling
    19 | D        | Killed an oklob sapling
    20 | D        | Reached skill level 3 in Unarmed Combat
    20 | D        | Reached XP level 3. HP: 28/28 MP: 3/3
    21 | D        | Noticed a scorpion
    22 | D        | Found the amulet of invisibility {+Inv}
    25 | D        | Killed a scorpion
    26 | D        | Reached skill level 5 in Dodging
    26 | D        | Reached skill level 4 in Unarmed Combat
    26 | D        | Reached skill level 5 in Evocations
    26 | D        | Reached XP level 4. HP: 35/35 MP: 4/4
   151 | D        | Found an opulent altar of Gozag.
   151 | D        | Found a hazy altar of Hepliaklqana.
   151 | D        | Found a snail-covered altar of Cheibriados.
   152 | D        | Found a viscous altar of Jiyva.
   152 | D        | Found a burning altar of Makhleb.
   152 | D        | Found a sparkling altar of Nemelex Xobeh.
   152 | D        | Found a sacrificial altar of Ru.
   152 | D        | Found a shimmering blue altar of Sif Muna.
   152 | D        | Found a bloodstained altar of Trog.
   152 | D        | Found an ornate altar of the Wu Jian Council.
   152 | D        | Found a shimmering altar of Xom.
   152 | D        | Found a basalt altar of Yredelemnul.
   153 | D        | Found an iron altar of Okawaru.
   153 | D        | Found a shadowy altar of Dithmenos.
   153 | D        | Found a glowing silver altar of Zin.
   154 | D        | Found an ancient bone altar of Kikubaaqudgha.
   154 | D        | Found a hide-covered altar of Uskayaw.
   155 | D        | Found a stormy altar of Qazlal.
   155 | D        | Found a white marble altar of Elyvilon.
   155 | D        | Found a glowing golden altar of the Shining One.
   156 | D        | Became a worshipper of Gozag Ym Sagoz the Greedy
   166 | D        | Reached skill level 5 in Unarmed Combat
   166 | D        | Reached XP level 5. HP: 40/40 MP: 3/5
   166 | D        | Found a radiant altar of Vehumet.
   166 | D        | Found a corrupted altar of Lugonu.
   291 | D        | Reached skill level 6 in Unarmed Combat
   576 | D        | Reached skill level 7 in Unarmed Combat
   576 | D        | Reached XP level 6. HP: 41/51 MP: 3/6
   744 | D        | Noticed a queen bee
   774 | D        | Killed a killer bee
   775 | D        | Reached skill level 5 in Fighting
   775 | D        | Reached skill level 5 in Stealth
   775 | D        | Reached skill level 8 in Unarmed Combat
  1052 | D        | Noticed an oklob plant
  1308 | D        | Found Atzenalete's Magic Scroll Shop.
  1308 | D        | Found Quv Sisch's Jewellery Emporium.
  1314 | D        | Bought a ring of resist corrosion for 240 gold pieces
  1314 | D        | Bought a +4 ring of evasion for 432 gold pieces
  1666 | D        | Killed an oklob plant
  1667 | D        | Reached skill level 10 in Unarmed Combat
  1667 | D        | Your scales start taking on a rich purple colour.
  1667 | D        | Reached XP level 7. HP: 63/69 MP: 7/7
  1713 | D        | Noticed a burning bush
  1713 | D        | Noticed a wandering mushroom
  2120 | D        | Noticed a wandering mushroom
  2809 | D        | Reached XP level 8. HP: 55/78 MP: 8/8
  2932 | D        | Killed a burning bush
  2933 | D        | Reached skill level 10 in Fighting
  2933 | D        | Reached skill level 11 in Unarmed Combat
  2948 | D        | Found Sogi Vuo's General Store.
  2949 | D        | Found Viysuopn's Armour Emporium.
  2958 | D        | Bought a +0 pair of boots for 49 gold pieces
  3004 | D        | Noticed a burning bush
  3016 | D        | Killed a burning bush
  3097 | D        | Noticed a burning bush
  3097 | D        | Noticed an oklob plant
  3101 | D        | Noticed a wandering mushroom
  3104 | D        | Killed a burning bush
  3105 | D        | Reached skill level 12 in Unarmed Combat
  3162 | D        | Bought the +2 cloak "Moosieg" {rPois Dex+4} for 375 gold
                  | pieces
  3171 | D        | Bought a potion of curing for 33 gold pieces
  3171 | D        | Bought a scroll of blinking for 82 gold pieces
  3179 | D        | Bought a scroll of magic mapping for 45 gold pieces
  3219 | D        | Killed a wandering mushroom
  3220 | D        | Reached skill level 10 in Evocations
  3279 | D        | Killed an oklob plant
  3280 | D        | Reached XP level 9. HP: 33/85 MP: 9/9
  3507 | D        | Noticed a spriggan druid
  3514 | D        | Killed a spriggan druid
  3515 | D        | Reached skill level 13 in Unarmed Combat
  3519 | D        | Noticed a moth of wrath
  3560 | D        | Bought a ring of see invisible for 180 gold pieces
  3755 | D        | Noticed a ghost moth
  3778 | D        | Killed a ghost moth
  3779 | D        | Reached skill level 14 in Unarmed Combat
  3779 | D        | Reached XP level 10. HP: 46/93 MP: 1/10
  4133 | D        | Killed a moth of wrath
  4134 | D        | Reached skill level 15 in Unarmed Combat
  4281 | D        | Noticed an oklob plant conjurer
  4289 | D        | Killed an oklob plant conjurer
  4385 | D        | Noticed an oklob plant
  4385 | D        | Noticed an oklob plant summoner
  4386 | D        | Noticed an oklob plant shifter
  4395 | D        | Killed an oklob plant
  4401 | D        | Killed an oklob plant summoner
  4410 | D        | Killed an oklob plant shifter
  4417 | D        | Identified the +0 chain mail of Beyond {rC+}
  4418 | D        | Identified the +8 flail of the Vanishing Bounties {drain,
                  | Stlth+}
  4432 | D        | Learned a level 3 spell: Vampiric Draining
  4540 | D        | Noticed a spriggan rider
  4552 | D        | Reached skill level 5 in Necromancy
  4701 | D        | Found Kiwogu's Assorted Antiques.
  4704 | D        | Found Doenegg's Jewellery Shoppe.
  4725 | D        | Bought a +4 ring of evasion for 504 gold pieces
  4727 | D        | Bought a scroll labelled QUITWO MUREGU for 22 gold pieces
  4727 | D        | Bought a scroll labelled GUTIRA REDICY for 22 gold pieces
  4727 | D        | Bought a scroll labelled GUTIRA REDICY for 22 gold pieces
  4727 | D        | Bought a scroll labelled INEDWO KADE for 22 gold pieces
  4745 | D        | Noticed Agnes
  4757 | D        | Slain by Agnes

Illustrated notes

Levels and vault maps discovered:
D:        dungeon_sprint_fedhas [sprint_temple]

Skill      XL: |  1  2  3  4  5  6  7  8  9 10 |
---------------+-------------------------------+-----
Dodging        | 3 5 6 7 8 |  8.7
Unarmed Combat | 2 3 4 5 7 10 12 14 15 | 15.0
Evocations     | 4 5 6 7 8 11 13 14 | 14.0
Fighting       | 3 8 9 10 11 | 11.4
Stealth        | 2 5 |  5.2
Necromancy     | 6 |  6.3

Action                   |  1- 3 |  4- 6 |  7- 9 | 10-12 || total
-------------------------+-------+-------+-------+-------++-------
Melee: Unarmed           |     6 |    62 |    75 |    29 ||   172
       Tailslap          |     2 |    13 |    13 |     4 ||    32
       Punch             |       |     3 |    12 |     5 ||    20
 Abil: Evoke Invisibilit |       |    10 |     5 |     2 ||    17
       Breathe Dispellin |       |       |    11 |     3 ||    14
Evoke: Wand              |     3 |    14 |     2 |       ||    19
       Piece from Xom's  |       |       |     1 |     1 ||     2
       Condenser vane    |       |       |     3 |     2 ||     5
  Use: Potion            |     1 |       |     3 |     4 ||     8
       Scroll            |       |       |     3 |     2 ||     5
 Stab: Sleeping          |     1 |     3 |     2 |     2 ||     8
       Invisible         |       |    11 |     3 |     8 ||    22
       Confused          |       |       |     1 |       ||     1
       Distracted        |       |       |     1 |       ||     1
Armor: Skin              |       |     1 |    15 |     5 ||    21
Dodge: Dodged            |     2 |    11 |    62 |    10 ||    85

Table legend: (Time is in decaauts)
 A = Elapsed time spent in this place.
 B = Non-inter-level travel time spent in this place.
 C = Inter-level travel time spent in this place.
 D = Time resting spent in this place.
 E = Time spent auto-exploring this place.
 F = Levels seen in this place.
 G = Mean time per level.
                   A        B        C        D        E       F      G
               +--------+--------+--------+--------+--------+-----+--------+
         Total |   4741 |   4709 |     32 |   3473 |      0 |   1 | 4741.0 |
       Dungeon |   4741 |   4709 |     32 |   3473 |      0 |   1 | 4741.0 |
               +--------+--------+--------+--------+--------+-----+--------+

Top non-repeatable levels by time:
       D: 4741 daAuts
